AoeStats
← [RAT] G0rm

African Clearing

504286885Analyzed
3v3 RM · 28d ago on Sep 4, 2026· 44m 16s· 6 players
Game mode
Random Map
Map size
Normal (6 player)
Population
200
Speed
Normal
Resources
Standard
Victory
Conquest
Starting age
Dark Age
Ending age
Imperial Age
RankedLock teamsTeams togetherTeam positionsShared explorationLock speedFull tech treeHidden civsTurbo modeCheats
Victory
Defeat
🇷🇺 Wei · Russia
1458
+21
🇧🇾 Shu · Belarus
1434
+22
🇷🇺 Mongols · Russia
1405
+23
🇺🇸 Wei · United States
1668
-25
🇳🇱 Spanish · Netherlands
1573
-22
🇷🇴 Italians · Romania
1490
-19
Bulba
13:15 Feudal Age
14:52 Loom
17:40 Castle Age
15:34 Double-Bit Axe
18:18 Horse Collar
27:10 Scale Barding Armor
30:23 Wheelbarrow
32:57 Bow Saw
32:47 Gold Mining
34:12 Stone Mining
35:33 Husbandry
37:35 Squires
39:05 Gold Shaft Mining
38:53 Scale Mail Armor
41:01 Hand Cart
41:13 Chain Mail Armor
40:53 Town Watch
43:00 Ballistics
43:20 Coiled Serpent Array
WhiTee
5:23 Loom
13:51 Feudal Age
18:28 Double-Bit Axe
21:05 Horse Collar
30:24 Castle Age
31:16 Bow Saw
31:09 Fletching
31:19 Padded Archer Armor
32:53 Elite Skirmisher
33:49 Bodkin Arrow
37:28 Leather Archer Armor
42:49 Wheelbarrow
47:00 Imperial Age
44:45 Husbandry
44:55 Bloodlines
Legate
12:48 Feudal Age
11:14 Loom
12:39 Loom
16:32 Castle Age
14:35 Double-Bit Axe
15:14 Gold Mining
15:37 Fletching
17:54 Bodkin Arrow
19:09 Town Watch
20:19 Bow Saw
22:13 Wheelbarrow
21:58 Padded Archer Armor
23:48 Leather Archer Armor
25:44 Ballistics
26:17 Horse Collar
27:02 Bloodlines
26:53 Husbandry
31:26 Stone Mining
33:40 Hand Cart
35:37 Heavy Plow
38:01 Gold Shaft Mining
42:57 Imperial Age
41:35 Stone Shaft Mining
41:06 Scale Barding Armor
40:42 Treadmill Crane
42:26 Chain Barding Armor
42:34 Fervor
43:01 Forging
42:59 Heavy Hei Guang Cavalry
43:40 Bracer
44:41 Chemistry
44:08 Parthian Tactics
43:48 Thumb Ring
[RAT] Havik_AoE
9:11 Loom
13:18 Feudal Age
16:42 Castle Age
18:29 Double-Bit Axe
25:52 Horse Collar
26:47 Padded Archer Armor
29:57 Leather Archer Armor
32:02 Bow Saw
32:52 Stone Mining
35:10 Wheelbarrow
34:27 Fletching
37:08 Hand Cart
37:53 Bloodlines
37:46 Husbandry
43:10 Imperial Age
43:16 Imperial Age
[RAT] G0rm
6:14 Loom
13:33 Feudal Age
14:52 Double-Bit Axe
14:50 Horse Collar
18:14 Castle Age
20:21 Fletching
21:06 Bodkin Arrow
25:06 Padded Archer Armor
27:36 Ballistics
35:27 Wheelbarrow
41:04 Imperial Age
38:52 Gold Mining
38:55 Stone Mining
40:20 Thumb Ring
41:56 Bracer
42:59 Chemistry
43:42 Elite Genoese Crossbowman
[RAT] Spencer
8:41 Loom
27:15 Feudal Age
27:48 Double-Bit Axe
27:44 Horse Collar
27:55 Gold Mining
27:56 Stone Mining
34:42 Castle Age
33:26 Scale Barding Armor
36:03 Bow Saw
35:54 Heavy Plow
36:30 Gold Shaft Mining
36:33 Stone Shaft Mining
37:15 Bloodlines
38:59 Chain Barding Armor
Connection lost

Rejoining the realm…

Still unreachable

The connection could not be restored.

Session expired

The server has moved on; the page needs a fresh start.